 Dungeon Crawl Stone Soup version 0.25.1-2-g60ff931df9 (webtiles) character file.

Game seed: 2599223407328749880

5816 lepoulpe303 the Covert (level 10, -16/51 HPs)
             Began as a Spriggan Abyssal Knight on Aug 11, 2020.
             Was an Elder of Lugonu.
             Demolished by a four-headed hydra (17 damage)
             ... on level 1 of the Lair of Beasts.
             The game lasted 00:52:00 (15761 turns).

lepoulpe303 the Covert (Spriggan Abyssal Knight)   Turns: 15761, Time: 00:52:01

Health: -16/51     AC:  2    Str: 11    XL:     10   Next: 51%
Magic:  15/15      EV: 25    Int: 14    God:    Lugonu [****..]
Gold:   334        SH:  0    Dex: 16    Spells: 9/9 levels left

rFire    . . .     SeeInvis +   a - +0 short sword (venom)
rCold    . . .     Gourm    .   (shield restricted)
rNeg     . . .     Faith    .   m - +0 robe
rPois    .         Spirit   .   (helmet restricted)
rElec    .         Reflect  .   (no cloak)
rCorr    .         Harm     .   (gloves unavailable)
MR       +....                  (boots unavailable)
Stlth    +++++.....             (no amulet)
HPRegen  0.17/turn              (no ring)
MPRegen  0.14/turn              (no ring)

@: very quick
A: very small, unfitting armour, see invisible, herbivore, speed 3, screaming 1,
slow metabolism 2
a: Depart the Abyss, Bend Space, Banish, Corrupt, Renounce Religion


You were on level 1 of the Lair of Beasts.
You worshipped Lugonu.
Lugonu was greatly pleased with you.
You were not hungry.

You visited 2 branches of the dungeon, and saw 9 of its levels.
You visited the Abyss 1 time.

You collected 334 gold pieces.

Inventory:

Hand Weapons
 a - a +0 short sword of venom (weapon)
 b - a +0 hunting sling
 c - a +1 short sword
Missiles
 r - 11 boomerangs (quivered)
 v - 32 sling bullets
 B - a throwing net {=f}
 D - 4 atropa-tipped darts
 Q - 78 stones
Armour
 m - a +0 robe (worn)
Wands
 F - a wand of polymorph (1)
Scrolls
 f - a scroll of fog {unknown}
 i - 6 scrolls of identify
 k - 8 scrolls of remove curse {unknown}
 n - 2 scrolls of magic mapping {unknown}
 s - 3 scrolls of random uselessness {unknown}
 t - 4 scrolls of teleportation
 u - a scroll of enchant armour {unknown}
 y - a scroll of noise {unknown}
 A - a scroll of blinking {unknown}
 C - a scroll of immolation {unknown}
 E - a scroll of holy word {unknown}
 G - a scroll of torment {unknown}
 H - a scroll of enchant weapon {unknown}
Potions
 d - a potion of might
 g - 2 potions of degeneration {unknown}
 h - 3 potions of haste
 j - 3 potions of curing {unknown}
 l - a potion of heal wounds
 o - a potion of ambrosia {unknown}
 p - a potion of resistance {unknown}
 q - a potion of flight {unknown}
 w - a potion of berserk rage {!q}
 x - 2 potions of lignification {unknown}
 z - a potion of stabbing {unknown}
Comestibles
 e - 11 rations


   Skills:
 + Level 4.9 Fighting
 * Level 8.2 Short Blades
 + Level 5.8 Slings
 + Level 3.6 Armour
 * Level 9.9 Dodging
 * Level 11.1 Stealth
 + Level 5.3 Invocations


You had 9 spell levels left.
You didn't know any spells.
Your spell library was empty.

Dungeon Overview and Level Annotations

Branches:
Dungeon (8/15)             Temple (0/1) D:5            Lair (1/6) D:8

Altars:
Ashenzari
Cheibriados
Dithmenos
Hepliaklqana
Makhleb
Nemelex Xobeh
Trog
Zin

Shops:
D:6 (

Annotations:
D:8 Joseph


Innate Abilities, Weirdness & Mutations

You are very small and have problems with some larger weapons.
You are too small for most types of armour.
You have supernaturally acute eyesight. (SInv)
You are a herbivore.
You cover ground extremely quickly.
You need to consume almost no food.
You occasionally shout uncontrollably at your foes.


Message History

The four-headed hydra misses you. The four-headed hydra bites you!
* * * LOW HITPOINT WARNING * * *
The four-headed hydra misses you.
You take 18 damage, and have 14/51 hp.
MASSIVE DAMAGE!!
You hit the plant but do no damage. You hit the plant.
You closely miss the crocodile. You closely miss the crocodile.
The crocodile misses you. The crocodile barely misses you.
You hit the four-headed hydra. You hit the four-headed hydra.
The four-headed hydra looks as sick as possible!
The four-headed hydra barely misses you.
The four-headed hydra bites you!
* * * LOW HITPOINT WARNING * * *
The four-headed hydra bites you!
* * * LOW HITPOINT WARNING * * *
The four-headed hydra bites you!
You die...

#............. ###
#............ .....
#..[#.##.#.###.....
#..................
#...#...t<...# ..(.
#............#.....
##...+...PD.t.......
######P...#'PP###D##....
................@........
(....P#.##########......#
.....#### .....#. .....#
#....# .....# .%..#
.....# ....# .$...###.###
....# ##..........
#..........


You could see a four-headed hydra (extremely poisoned) and a crocodile.

Levels and vault maps discovered:
D:1:      dpeg_arrival_pits, layout_basic, minmay_misc_feat_doors
D:2:      layout_loops_ring, minmay_tiny_reverse_x
D:3:      layout_basic, lemuel_round_altar, trog_three_pillars_becter
D:4:      minmay_spotlight, layout_rooms, nemelex_xobeh_ov_fountains_minmay
D:5:      layout_loops_cross, lemuel_coloured_pillars_altar, kennysheep_mini,
          minmay_temple_entry_drinking_statues, first_ration, uniq_blork_the_orc
D:6:      kennysheep_steamy, layout_basic, cheibrodos_ashenzari_chains,
          serial_shops, shop_fountains, kennysheep_pointless_box, uniq_pikel
D:7:      layout_loops_ring, makhleb_grotto_becter, lemuel_round_altar,
          grunt_ogre_cave
D:8:      layout_gridville, minmay_lair_entry_grove, uniq_erica, uniq_joseph
Lair:1:   layout_chaotic_city, minmay_lair_oklob_chamber

Notes
Turn   | Place    | Note
-------+----------+-------------------------------------------
     0 | Abyss:1  | lepoulpe303 the Spriggan Abyssal Knight began the quest for
                  | the Orb.
     0 | Abyss:1  | Reached XP level 1. HP: 11/11 MP: 3/3
    33 | Abyss:1  | Noticed a small abomination
    38 | Abyss:1  | Noticed a tentacled starspawn
    85 | Abyss:1  | Noticed a smoke demon
    86 | Abyss:1  | Noticed a demonic crawler
   100 | Abyss:1  | Noticed a blink frog
   100 | Abyss:1  | Noticed an ancient zyme
   116 | Abyss:1  | Noticed a neqoxec
   117 | Abyss:1  | Noticed a sixfirhy
   118 | Abyss:1  | Gained mutation: You occasionally shout uncontrollably at
                  | your foes. [a neqoxec]
   128 | Abyss:1  | Noticed an ice beast
   143 | Abyss:1  | Noticed an Executioner
   149 | D:1      | Escaped the Abyss
   304 | D:1      | Identified a +0 short sword
   323 | D:1      | Identified a +0 club
   384 | D:1      | Identified a +0 dagger
   392 | D:1      | Reached skill level 1 in Stealth
   400 | D:1      | Identified a +0 dagger
   456 | D:1      | Reached XP level 2. HP: 16/16 MP: 4/4
   475 | D:1      | Identified a +0 whip of venom
   529 | D:1      | Identified a +0 club
   744 | D:1      | Identified a +0 whip
   745 | D:1      | Identified a +0 dagger
   972 | D:1      | Identified a +0 club
   989 | D:1      | Reached * piety under Lugonu
  1164 | D:1      | Reached skill level 2 in Stealth
  1433 | D:2      | Identified a +0 club
  1437 | D:2      | Reached skill level 2 in Invocations
  1445 | D:2      | Identified a +0 dagger
  1464 | D:2      | Reached XP level 3. HP: 14/19 MP: 5/5
  1554 | D:2      | Identified a +0 club
  1650 | D:2      | Identified a +0 short sword
  1978 | D:2      | Identified 3 scrolls of identify
  1978 | D:2      | Identified a +0 hunting sling (You found it on level 1 of
                  | the Dungeon)
  2211 | D:3      | Identified a +1 short sword
  2281 | D:3      | Found a bloodstained altar of Trog.
  2290 | D:3      | Reached skill level 4 in Dodging
  2290 | D:3      | Reached skill level 3 in Stealth
  2342 | D:3      | Identified a +0 club
  2342 | D:3      | Identified a +0 dagger
  2367 | D:3      | Reached ** piety under Lugonu
  2491 | D:3      | Reached skill level 3 in Short Blades
  2491 | D:3      | Reached XP level 4. HP: 23/23 MP: 6/6
  2508 | D:3      | Identified a +0 halberd
  2541 | D:3      | Identified a +0 club
  2542 | D:3      | Identified a cursed -1 whip
  2552 | D:3      | Identified a +0 spear
  2584 | D:3      | Reached skill level 1 in Slings
  3002 | D:3      | Found a hazy altar of Hepliaklqana.
  3205 | D:4      | Identified a +0 dagger
  3205 | D:4      | Identified a +0 robe
  3205 | D:4      | Identified a +0 mace
  3205 | D:4      | Identified a +0 ring mail
  3205 | D:4      | Identified a +0 mace
  3205 | D:4      | Identified a +0 dagger of venom
  3205 | D:4      | Identified a +0 mace
  3212 | D:3      | Identified 3 potions of haste
  3212 | D:3      | HP: 5/23 [poisoned by an orc]
  3212 | D:3      | HP: 1/23 [orc wizard/+0 dagger (4)]
  3213 | D:3      | Identified 2 potions of heal wounds
  3231 | D:3      | Identified 2 potions of might
  3232 | D:3      | Reached XP level 5. HP: 7/27 MP: 7/7
  3239 | D:3      | HP: 6/27 [poisoned by an orc]
  3245 | D:3      | HP: 5/27 [poisoned by an orc]
  3252 | D:3      | HP: 5/27 [poisoned by an orc]
  3506 | D:4      | HP: 5/27 [orc/+0 mace (4)]
  3510 | D:3      | Reached skill level 1 in Armour
  3921 | D:4      | Identified a +0 dagger
  3921 | D:4      | Identified a cursed +0 robe
  3943 | D:4      | Identified a +0 club
  3943 | D:4      | Identified a +0 leather armour
  3943 | D:4      | Identified a +0 trident
  3943 | D:4      | Identified a +0 scale mail
  3967 | D:4      | Reached skill level 4 in Stealth
  4048 | D:4      | Identified a +0 dagger
  4048 | D:4      | Identified a +0 chain mail
  4381 | D:4      | HP: 1/28 [iguana (9)]
  4726 | D:4      | Identified a potion of berserk rage
  4776 | D:4      | Identified a +0 giant spiked club
  4776 | D:4      | Noticed an ogre
  4805 | D:4      | Killed an ogre
  4805 | D:4      | Reached skill level 3 in Fighting
  4805 | D:4      | Reached XP level 6. HP: 32/32 MP: 8/8
  4950 | D:4      | Identified a +0 giant club
  4970 | D:4      | Reached skill level 4 in Short Blades
  4970 | D:4      | Reached skill level 2 in Slings
  4970 | D:4      | Reached skill level 5 in Stealth
  5221 | D:4      | Found a sparkling altar of Nemelex Xobeh.
  5269 | D:4      | Identified a +0 club
  5269 | D:4      | Identified a +0 leather armour
  5400 | D:4      | Reached skill level 5 in Dodging
  5400 | D:4      | Reached XP level 7. HP: 25/36 MP: 10/10
  5627 | D:4      | Reached skill level 3 in Invocations
  5760 | D:5      | Entered Level 5 of the Dungeon
  5928 | D:5      | Found a staircase to the Ecumenical Temple.
  6312 | D:5      | Identified a +0 battleaxe
  6312 | D:5      | Identified a +0 robe
  6312 | D:5      | Noticed Blork the orc
  6338 | D:5      | Identified a +0 whip
  6438 | D:5      | Reached skill level 6 in Stealth
  6707 | D:5      | Identified a +0 shortbow
  7006 | D:5      | Killed Blork the orc
  7006 | D:5      | Reached skill level 3 in Slings
  7025 | D:5      | Reached skill level 5 in Short Blades
  7190 | D:5      | Reached skill level 2 in Armour
  7190 | D:5      | Reached XP level 8. HP: 24/40 MP: 11/11
  7335 | D:5      | Found a glowing silver altar of Zin.
  7385 | D:5      | Found a snail-covered altar of Cheibriados.
  7434 | D:6      | Identified a +0 dagger
  7434 | D:6      | Identified a +0 leather armour
  7441 | D:6      | Identified a +0 whip
  7441 | D:6      | Identified a +0 leather armour
  7460 | D:6      | Reached skill level 7 in Stealth
  7461 | D:6      | Identified 2 scrolls of teleportation
  7507 | D:6      | Found Hirph's Antique Weapon Shop.
  7531 | D:6      | Identified a +0 trident
  7551 | D:6      | Identified a +0 war axe
  7551 | D:6      | Identified a cursed +0 plate armour
  7556 | D:6      | Identified a +0 hand axe
  7556 | D:6      | Identified a +0 scale mail
  7685 | D:6      | Identified a +0 shortbow
  7686 | D:6      | Reached skill level 6 in Dodging
  7786 | D:6      | Reached *** piety under Lugonu
  8198 | D:6      | Identified a +0 whip of flaming
  8198 | D:6      | Identified a +0 robe
  8198 | D:6      | Noticed Pikel
  8238 | D:6      | Killed Pikel
  8238 | D:6      | Reached skill level 6 in Short Blades
  8238 | D:6      | Reached skill level 4 in Slings
  8238 | D:6      | Reached skill level 7 in Dodging
  8238 | D:6      | Reached skill level 8 in Stealth
  8238 | D:6      | Reached skill level 4 in Invocations
  8249 | D:6      | Identified a +0 falchion
  8260 | D:6      | Identified a +0 short sword of venom
  8290 | D:6      | Identified a +0 hand axe
  8344 | D:6      | Identified a +0 hand axe
  8348 | D:6      | Identified a +0 leather armour
  8357 | D:6      | Found a shattered altar of Ashenzari.
  8363 | D:6      | Identified a +0 hand axe
  8400 | D:6      | Reached skill level 4 in Fighting
  8400 | D:6      | Reached XP level 9. HP: 30/45 MP: 13/13
  8462 | D:6      | Identified a +0 short sword
  8462 | D:6      | Identified a +0 leather armour
  9164 | D:6      | Identified a +0 giant club
  9707 | D:7      | Identified a +0 war axe
  9707 | D:7      | Identified a +0 chain mail
  9711 | D:7      | Identified a +0 trident
  9711 | D:7      | Identified a +0 leather armour
  9711 | D:7      | Identified a cursed -1 dagger
  9711 | D:7      | Identified a +0 flail
  9735 | D:7      | HP: 3/45 [orc warrior/boomerang (17)]
 10377 | D:6      | Reached skill level 9 in Stealth
 10462 | D:7      | Noticed a troll
 10515 | D:7      | Killed a troll
 10515 | D:7      | Reached skill level 8 in Dodging
 10911 | D:7      | Identified a +0 scale mail
 10934 | D:7      | Reached skill level 3 in Armour
 11145 | D:7      | Identified a +0 giant club
 11148 | D:7      | Reached skill level 7 in Short Blades
 11291 | D:7      | Found a shadowy altar of Dithmenos.
 11681 | D:7      | Found a burning altar of Makhleb.
 11881 | D:8      | Identified a cursed -3 mace
 11881 | D:8      | Identified a +0 leather armour
 11882 | D:8      | Identified a +0 mace
 12081 | D:8      | Identified a +0 giant club
 12086 | D:8      | Identified a +0 hand axe
 12090 | D:8      | Identified a +0 mace
 12185 | D:8      | Identified a +2 quarterstaff of distortion
 12185 | D:8      | Identified a +0 hunting sling
 12185 | D:8      | Identified a +0 leather armour
 12185 | D:8      | Noticed Joseph
 12204 | D:8      | Identified a +0 shortbow
 12239 | D:8      | Identified a +0 dagger
 12239 | D:8      | Identified a +2 dagger of venom
 12239 | D:8      | Identified a +0 robe
 12239 | D:8      | Identified a +0 flail of draining
 12239 | D:8      | Identified a +0 scale mail
 12282 | D:7      | Reached skill level 5 in Slings
 12367 | D:7      | HP: 8/46 [yak (13)]
 12496 | D:7      | Reached skill level 10 in Stealth
 12797 | D:7      | HP: 11/46 [poisoned by an orc wizard]
 13096 | D:7      | Reached skill level 9 in Dodging
 13144 | D:7      | Reached XP level 10. HP: 29/51 MP: 14/14
 13309 | D:8      | Found a staircase to the Lair.
 13718 | D:7      | Reached skill level 5 in Invocations
 14000 | D:8      | Reached **** piety under Lugonu
 14114 | D:8      | Identified a +0 shortbow
 14116 | D:8      | Identified a +1 scimitar of flaming
 14116 | D:8      | Identified a +0 robe
 14116 | D:8      | Noticed Erica
 14149 | D:8      | HP: 11/51 [poisoned by Erica (bolt of poison)]
 14150 | D:8      | Killed Erica
 14150 | D:8      | Reached skill level 8 in Short Blades
 14155 | D:8      | HP: 8/51 [poisoned by Erica (bolt of poison)]
 14160 | D:8      | HP: 5/51 [poisoned by Erica (bolt of poison)]
 14166 | D:7      | HP: 3/51 [poisoned by Erica (bolt of poison)]
 14174 | D:7      | HP: 2/51 [poisoned by Erica (bolt of poison)]
 14181 | D:7      | HP: 1/51 [poisoned by Erica (bolt of poison)]
 14189 | D:7      | HP: 1/51 [poisoned by Erica (bolt of poison)]
 14811 | D:8      | Identified a +0 dagger
 14811 | D:8      | Identified a +0 morningstar
 14811 | D:8      | Identified a +0 dagger
 14811 | D:8      | Identified a +0 club
 14811 | D:8      | Identified a +0 ring mail
 14811 | D:8      | Identified a +0 mace
 14811 | D:8      | Identified a +0 ring mail
 14932 | Lair:1   | Entered Level 1 of the Lair of Beasts
 14938 | Lair:1   | Noticed a spiny frog
 15575 | D:8      | Killed a spiny frog
 15575 | D:8      | Reached skill level 11 in Stealth
 15717 | Lair:1   | Noticed a four-headed hydra
 15761 | Lair:1   | HP: 9/51 [four-headed hydra (8)]
 15761 | Lair:1   | HP: 1/51 [four-headed hydra (8)]
 15761 | Lair:1   | Demolished by a four-headed hydra

Table legend:
 A = Turns spent in this place as a percentage of turns spent in the entire game.
 B = Non-inter-level travel turns spent in this place as a percentage of non-inter-level travel turns spent in the entire game.
 C = Inter-level travel turns spent in this place as a percentage of turns spent in this place.
 D = Turns resting spent in this place as a percentage of non-inter-level travel turns spent in this place.
 E = Turns spent auto-exploring this place as a percentage of non-inter-level travel turns spent in this place.
 F = Non-inter-level travel turns spent in this place divided by the number of levels of this place that you've seen.
                   A       B       C       D       E      F
               +-------+-------+-------+-------+-------+----------------------
         Total | 100.0 | 100.0 |   4.7 |  40.2 |  35.5 | 1502.2
       Dungeon |  98.5 |  98.4 |   4.8 |  40.8 |  35.9 | 1847.4
          Lair |   0.6 |   0.6 |   0.0 |   0.0 |  24.5 |  94.0
         Abyss |   0.9 |   1.0 |   0.0 |   0.0 |   0.0 | 149.0
               +-------+-------+-------+-------+-------+----------------------

Table legend:
 A = Kills in this place as a percentage of kills in entire the game.
 B = Kills by you in this place as a percentage of kills by you in the entire game.
 C = Kills by friends in this place as a percentage of kills by friends in the entire game.
 D = Other kills in this place as a percentage of other kills in the entire game.
 E = Experience gained in this place as a percentage of experience gained in the entire game.
 F = Experience gained in this place divided by the number of levels of this place that you have seen.
                   A       B       C       D       E      F
               +-------+-------+-------+-------+-------+----------------------
         Total | 100.0 | 100.0 |   N/A | 100.0 | 100.0 | 830.9
       Dungeon | 100.0 | 100.0 |   N/A | 100.0 | 100.0 | 1038.6
               +-------+-------+-------+-------+-------+----------------------

Skill      XL: |  1  2  3  4  5  6  7  8  9 10 |
---------------+-------------------------------+-----
Stealth        | 1 2 3 4 5 6 8 10 11 | 11.1
Invocations    | 2 3 4 5 |  5.3
Dodging        | 4 5 7 9 |  9.9
Short Blades   | 3 4 5 6 7 8 |  8.2
Slings         | 1 2 3 4 5 |  5.8
Armour         | 1 2 3 |  3.6
Fighting       | 3 4 |  4.9

Action                   |  1- 3 |  4- 6 |  7- 9 | 10-12 || total
-------------------------+-------+-------+-------+-------++-------
Melee: Short sword       |   144 |    92 |   185 |   115 ||   536
       Dagger            |       |    71 |    74 |       ||   145
 Fire: Hunting sling     |    17 |    26 |   239 |    68 ||   350
Throw: Boomerang         |       |    15 |     9 |       ||    24
Invok: Depart the Abyss  |     1 |       |       |       ||     1
       Bend Space        |       |       |     1 |     2 ||     3
  Use: Scroll            |     1 |     1 |     1 |       ||     3
       Potion            |       |     4 |       |       ||     4
 Stab: Sleeping          |     8 |       |    16 |       ||    24
       Distracted        |       |       |     1 |     1 ||     2
  Eat: Ration            |       |     1 |     6 |     2 ||     9
Armor: Robe              |    19 |     8 |     9 |     2 ||    38
Dodge: Dodged            |   113 |   129 |   229 |   104 ||   575

Vanquished Creatures
  Erica (D:8)
  Pikel (D:6)
  A spiny frog (D:8)
  A troll (D:7)
  4 yaks (D:7)
  A hungry ghost (D:6)
  2 steam dragons (D:6)
  A water moccasin (D:5)
  3 porcupines
  A black bear (D:7)
  2 orc warriors
  2 sky beasts
  An ice beast (D:6)
  5 ogres
  4 centaurs
  4 crocodiles
  A bullfrog (D:8)
  Blork the orc (D:5)
  A wyvern zombie (D:8)
  2 scorpions
  A howler monkey (D:4)
  2 crimson imps
  5 hounds
  3 jellies
  2 centaur skeletons
  3 orc priests
  3 iguanas
  3 orc wizards
  7 worker ants
  2 hound zombies (D:7)
  3 gnolls (D:3)
  7 adders
  A shadow imp (D:7)
  An ooze (D:2)
  2 worms (D:3)
  An adder skeleton (D:6)
  2 dart slugs
  2 leopard geckos
  39 orcs
  4 bats
  5 giant cockroaches
  10 goblins
  5 hobgoblins
  2 jackals (D:6)
  3 quokkas
  6 frilled lizards
  A jackal zombie (D:8)
  10 kobolds
  A leopard gecko zombie (D:5)
  2 quokka skeletons
  5 rats
182 creatures vanquished.

Vanquished Creatures (others)
  A slave (D:6)
  An orc (D:6)
  A giant cockroach (D:1)
  7 fungi (D:6)
10 creatures vanquished.

Grand Total: 192 creatures vanquished
